 Dungeon Crawl Stone Soup version 0.29.0-4-gdea44cf6ec (webtiles) character file.

Game seed: 8794849617157332481

366 qw the Chopper (level 6, 0/39 HPs)
             Began as a Gargoyle Fighter on Sept 6, 2022.
             Splashed by a jelly's acid (8 damage)
             ... on level 4 of the Dungeon.
             The game lasted 00:01:26 (3484 turns).

qw the Chopper (Gargoyle Fighter)                   Turns: 3484, Time: 00:01:27

Health: 0/39       AC: 12    Str: 22    XL:     6   Next: 68%
Magic:  6/6        EV:  7    Int:  8    God:
Gold:   105        SH:  4    Dex:  9    Spells: 5/5 levels left

rFire   . . .      SeeInvis .   Y - +0 war axe
rCold   . . .      Faith    .   c - +0 buckler
rNeg    + . .      Spirit   .   m - +0 chain mail
rPois   inf        Reflect  .   i - +0 helmet
rElec   +          Harm     .   (no cloak)
rCorr   .          Rampage  .   a - +1 pair of gloves "Jaulitse" {Will+}
Will    +....                   (no boots)
Stlth   ..........              (no amulet)
HPRegen 0.13/turn               (no ring)
MPRegen 0.10/turn               (no ring)

@: corroded
A: sickness immunity, AC +4, negative energy resistance 1, electricity
resistance, torment resistance 1, petrification resistance
a: no special abilities


You were on level 4 of the Dungeon.
You visited 1 branch of the dungeon, and saw 4 of its levels.

You collected 105 gold pieces.


Innate Abilities, Weirdness & Mutations

You are immune to sickness and miasma.
Your stone body is resilient. (AC +4)
You are immune to poison.
You resist negative energy. (rN+)
You are resistant to electric shocks. (rElec)
You are resistant to unholy torment.
You are immune to petrification.


   Skills:
 - Level 4.7 Fighting
 + Level 5.6 Axes
 - Level 3.2 Armour
 - Level 3.2 Shields


You had 5 spell levels left.
You didn't know any spells.
Your spell library was empty.

Inventory:

Hand Weapons
 p - a +2 flail of holy wrath
 Y - a +0 war axe (weapon)
Missiles
 h - a boomerang (quivered)
Armour
 a - the +1 pair of gloves "Jaulitse" (worn) {Will+}
   (You acquired it on level 2 of the Dungeon)

   Will:      It increases your willpower.
 c - a +0 buckler (worn)
 i - a +0 helmet (worn)
 m - a +0 chain mail (worn)
Jewellery
 b - an amulet of faith
Scrolls
 f - 3 scrolls of identify
 k - 2 scrolls of blinking
 n - a scroll of teleportation
 o - a scroll of noise {unknown}
Potions
 d - a potion of might
 e - 2 potions of cancellation
 g - a potion of curing {unknown}
 j - a potion of haste {unknown}
 l - a potion of heal wounds {unknown}

Dungeon Overview and Level Annotations

Branches:
Dungeon (4/15)
 Temple: D:4-7

Altars:
Dithmenos
Vehumet
Zin


Message History

You hit the orc.
The orc is lightly wounded.
The orc hits you but does no damage.
A worm comes into view.
You closely miss the orc.
The orc is lightly wounded.
You block the orc's attack. You block the ball python's attack.
The ball python grabs you. The ball python constricts you.
You slash the ball python!
You kill the ball python!
You hit the orc.
You kill the orc!
You completely miss the orc. The orc hits you but does no damage.
You block the orc's attack.
The orc priest looks encouraged for a moment.
You block the orc's attack.
You barely miss the orc. You hit the orc.
The orc priest calls down the wrath of Beogh upon you.
Beogh smites you! The orc hits you with a +0 mace.
The orc hits you but does no damage.
You hit the orc but do no damage.
The orc is moderately wounded.
You hit the jelly.
Your hands burn!
You hit the orc but do no damage. The orc priest barely misses you.
The orc completely misses you. The orc closely misses you. The jelly hits you.
You are splashed with acid!
You hit the orc.
The orc is heavily wounded.
You slash the jelly!
Your hands burn!
You barely miss the orc. You block the orc priest's attack.
The orc hits you with a +0 mace. The jelly hits you but does no damage.
The orc barely misses you.
You hit the jelly.
Your hands burn!
The jelly is heavily wounded.
You hit the orc. You hit the orc but do no damage.
The orc priest hits you but does no damage.
You block the orc's attack. The jelly hits you but does no damage.
The orc hits you but does no damage. The orc closely misses you.
The orc hits you but does no damage.
The orc priest hits you but does no damage.
The jelly hits you. The acid corrodes you!
You are splashed with acid!
You die...

####+### ###......##
##.........## ###
##..(........# . #..
#............#... #.#
##...~~~~~.Jo.....
#.# #....~....@ow.#
#.#####....¤...¤.o..#
#....##........~....#
#.##.)%....¤~~¤¤...##
#.#####............#
#.# #...........##
#.# ##.........## #.#
##......###
#.#########+####


You could see a worm, a jelly, an orc priest and 2 orcs.

Vanquished Creatures
  A phantom (D:4)
  2 orc priests (D:3)
  A gnoll bouda (D:4)
  Terence (D:3)
  An iguana (D:4)
  Robin (D:2)
  3 gnolls (D:4)
  2 adders (D:2)
  An ufetubus (D:4)
  3 worms (D:2)
  3 dart slugs
  3 orcs
  6 ball pythons
  4 bats
  4 endoplasms
  A giant cockroach (D:2)
  16 goblins
  6 hobgoblins
  6 jackals (D:2)
  3 kobolds
  A quokka (D:3)
  3 frilled lizards
  2 rats
74 creatures vanquished.

Vanquished Creatures (others)
  2 fungi (D:1)
  9 plants
11 creatures vanquished.

Grand Total: 85 creatures vanquished

Notes
Turn   | Place    | Note
-------+----------+-------------------------------------------
     0 | D:1      | qw the Gargoyle Fighter began the quest for the Orb.
     0 | D:1      | Reached XP level 1. HP: 14/14 MP: 1/1
     0 | D:1      | 0 ||| qw: Version: 0.1-a-107-g9ff403c
     0 | D:1      | 0 ||| qw: Game counter: 6132
     0 | D:1      | 0 ||| qw: Always use a shield: true
     0 | D:1      | 0 ||| qw: God list: Okawaru
     0 | D:1      | 0 ||| qw: Allow faded altars: false
     0 | D:1      | 0 ||| qw: Do Orc after D:15 true
     0 | D:1      | 0 ||| qw: Do second Lair branch before Depths: true
     0 | D:1      | 0 ||| qw: Lair rune preference: random
     0 | D:1      | 0 ||| qw: Plans: Normal, Zot, God:TSO, Crypt, Tomb, Zig,
                  | Orb
     0 | D:1      | 0 ||| PLANNING D:1-11
    38 | D:1      | 38 ||| Stepping ~*~*~tactically~*~*~ (stealth).
    39 | D:1      | 39 ||| Stepping ~*~*~tactically~*~*~ (stealth).
    40 | D:1      | 40 ||| Stepping ~*~*~tactically~*~*~ (stealth).
    41 | D:1      | 41 ||| Stepping ~*~*~tactically~*~*~ (stealth).
    44 | D:1      | Reached skill level 2 in Axes
    88 | D:1      | 88 ||| Stepping ~*~*~tactically~*~*~ (hiding).
   100 | D:1      | Reached XP level 2. HP: 19/19 MP: 2/2
   151 | D:1      | 151 ||| Stepping ~*~*~tactically~*~*~ (stealth).
   152 | D:1      | 152 ||| Stepping ~*~*~tactically~*~*~ (stealth).
   157 | D:1      | 157 ||| Stepping ~*~*~tactically~*~*~ (stealth).
   158 | D:1      | 158 ||| Stepping ~*~*~tactically~*~*~ (stealth).
   163 | D:1      | 163 ||| Stepping ~*~*~tactically~*~*~ (stealth).
   178 | D:1      | Found a faded altar of an unknown god.
   180 | D:1      | 180 ||| Stepping ~*~*~tactically~*~*~ (hiding).
   185 | D:1      | 185 ||| Stepping ~*~*~tactically~*~*~ (hiding).
   564 | D:1      | 564 ||| Stepping ~*~*~tactically~*~*~ (stealth).
   572 | D:1      | Reached skill level 3 in Axes
   673 | D:1      | 673 ||| UPGRADING to +0 helmet.
   678 | D:1      | 678 ||| READING scroll labelled OKLUFI VE NYNUOT.
   679 | D:1      | 679 ||| READING scroll labelled FAIVVE JAUSTY.
   680 | D:1      | 680 ||| READING scroll labelled TOOBLEA YRUDD.
   692 | D:2      | 692 ||| STAIRDANCE
   698 | D:1      | Reached XP level 3. HP: 23/23 MP: 3/3
   710 | D:2      | 710 ||| Stepping ~*~*~tactically~*~*~ (stealth).
   717 | D:2      | 717 ||| Stepping ~*~*~tactically~*~*~ (stealth).
   766 | D:2      | Noticed Robin
   773 | D:2      | Killed Robin
   774 | D:2      | Reached XP level 4. HP: 21/28 MP: 4/4
   783 | D:2      | 783 ||| FLEEEEING.
   784 | D:2      | 784 ||| STAIRDANCE
   943 | D:2      | 943 ||| FLEEEEING.
   944 | D:2      | 944 ||| STAIRDANCE
  1041 | D:2      | 1041 ||| Stepping ~*~*~tactically~*~*~ (stealth).
  1045 | D:2      | 1045 ||| Stepping ~*~*~tactically~*~*~ (stealth).
  1049 | D:2      | 1049 ||| Stepping ~*~*~tactically~*~*~ (stealth).
  1051 | D:2      | 1051 ||| Stepping ~*~*~tactically~*~*~ (stealth).
  1060 | D:2      | Reached skill level 4 in Axes
  1061 | D:2      | 1061 ||| FLEEEEING.
  1068 | D:2      | 1068 ||| Stepping ~*~*~tactically~*~*~ (stealth).
  1390 | D:2      | 1390 ||| Stepping ~*~*~tactically~*~*~ (stealth).
  1391 | D:2      | 1391 ||| Stepping ~*~*~tactically~*~*~ (stealth).
  1733 | D:2      | 1733 ||| DROPPING +0 club.
  1735 | D:2      | 1735 ||| Stepping ~*~*~tactically~*~*~ (stealth).
  1886 | D:2      | 1886 ||| Stepping ~*~*~tactically~*~*~ (stealth).
  1899 | D:2      | 1899 ||| READING scroll labelled YLOTHA AK ALEL.
  1900 | D:2      | 1900 ||| READING scroll labelled ERUKUP ERYADGH.
  1901 | D:2      | 1901 ||| READING scroll labelled PYCIEKHL XENWEW.
  1901 | D:2      | Identified a scroll of acquirement
  1901 | D:2      | 1901 ||| ACQUIRING +1 pair of gloves "Jaulitse" {Will+}
  1901 | D:2      | Acquired the +1 pair of gloves "Jaulitse" {Will+}
  1903 | D:2      | 1903 ||| UPGRADING to +1 pair of gloves "Jaulitse" {Will+}.
  2020 | D:3      | Found a shadowy altar of Dithmenos.
  2021 | D:3      | 2021 ||| Stepping ~*~*~tactically~*~*~ (hiding).
  2027 | D:3      | Reached XP level 5. HP: 15/32 MP: 5/5
  2029 | D:3      | HP: 7/32 [orc priest/divine providence (8)]
  2030 | D:3      | 2030 ||| READING scroll of teleportation.
  2059 | D:3      | 2059 ||| FLEEEEING.
  2066 | D:3      | 2066 ||| FLEEEEING.
  2067 | D:3      | 2067 ||| STAIRDANCE
  2292 | D:2      | 2292 ||| READING scroll labelled UNLOSOM SORR.
  2293 | D:2      | 2293 ||| READING scroll labelled SIFIDE FOMER.
  2294 | D:2      | 2294 ||| DRINKING 2 pink potions.
  2348 | D:3      | 2348 ||| Stepping ~*~*~tactically~*~*~ (stealth).
  2525 | D:3      | Found a radiant altar of Vehumet.
  2541 | D:3      | 2541 ||| Stepping ~*~*~tactically~*~*~ (stealth).
  2542 | D:3      | 2542 ||| DROPPING +0 mace.
  2555 | D:3      | Reached skill level 5 in Axes
  2557 | D:3      | Noticed Terence
  2574 | D:3      | Killed Terence
  2719 | D:3      | Found a glowing silver altar of Zin.
  2984 | D:3      | 2984 ||| UPGRADING to +0 chain mail.
  2994 | D:3      | 2994 ||| DROPPING +0 scale mail.
  3068 | D:4      | Noticed a phantom
  3078 | D:4      | Killed a phantom
  3079 | D:4      | Reached XP level 6. HP: 32/39 MP: 6/6
  3131 | D:4      | 3131 ||| DROPPING +0 mace of protection.
  3248 | D:4      | 3248 ||| DROPPING +0 flail.
  3275 | D:4      | 3275 ||| Stepping ~*~*~tactically~*~*~ (hiding).
  3484 | D:4      | HP: 9/39 [acid (1)]
  3484 | D:4      | Splashed by a jelly's acid

Levels and vault maps discovered:
D:1:      saegor_arrival_simple_d, layout_rooms,
          dreamdust_ecumenical_altar_grove
D:2:      layout_loops_ring, serial_forest, infiniplex_forest_clump_medium,
          infiniplex_forest_lined_ring, infiniplex_forest_straight_4,
          infiniplex_forest_straight_4, infiniplex_forest_clump_diagonal,
          infiniplex_forest_end_double, uniq_robin
D:3:      layout_loops_ring, grunt_temple_overflow_open, chequers_mini_garden,
          chequers_big_river, kennysheep_nub, uniq_terence
D:4:      layout_loops_ring, cheibrodos_ashenzari_chains, kennysheep_potato,
          uniq_natasha

Skill      XL: |  1  2  3  4  5 |
---------------+----------------+-----
Axes           | 2 3 4 5 |  5.6
Fighting       | 4 |  4.7
Armour         | |  3.2
Shields        | |  3.2

Action                   |  1- 3 |  4- 6 || total
-------------------------+-------+-------++-------
Melee: War axe           |    81 |   168 ||   249
Throw: Boomerang         |    17 |    30 ||    47
  Use: Scroll            |     3 |     6 ||     9
       Potion            |       |     1 ||     1
 Stab: Distracted        |       |     1 ||     1
Armor: Scale mail        |    57 |    50 ||   107
       Chain mail        |       |    43 ||    43
Dodge: Dodged            |    46 |    58 ||   104
Block: Buckler           |    14 |    39 ||    53

Table legend:
 A = Non-vault XP
 B = Vault XP
 C = Vault XP percentage of total XP
 D = Non-vault monster count
 E = Vault monster count
 F = Vault count percentage of total count
                 A         B        C        D         E       F
            +---------+---------+-------+---------+---------+-------
      Total |     449 |      74 |  14.1 |      60 |      14 |  18.9
            +---------+---------+-------+---------+---------+-------
        D:1 |      35 |       0 |   0.0 |      17 |       0 |   0.0
        D:2 |      78 |      33 |  29.7 |      25 |      11 |  30.6
        D:3 |      96 |      36 |  27.3 |       8 |       1 |  11.1
        D:4 |     240 |       5 |   2.0 |      10 |       2 |  16.7
            +---------+---------+-------+---------+---------+-------
